 Dungeon Crawl Stone Soup version 0.17-a0-146-gd505748 (webtiles) character file.

53064 Ngotmuk the Bludgeoner (level 14, -4/132 HPs)
             Began as a Minotaur Fighter on Mar 25, 2015.
             Was the Champion of Cheibriados.
             Killed from afar by a fire giant (38 damage)
             ... with a fireball
             ... on level 1 of the Depths.
             The game lasted 00:44:44 (14433 turns).

Ngotmuk the Bludgeoner (Minotaur Fighter)          Turns: 14433, Time: 00:44:44

Health: -4/132     AC: 19    Str: 38 (40) XL:     14   Next: 29%
Magic:  0/0        EV: 26    Int: 19 (20) God:    Cheibriados [******]
Gold:   1098       SH: 12    Dex: 28      Spells: 0 memorised, 13 levels left

rFire  . . .     SeeInvis +     q - +4 mace (crush)
rCold  . . .     Clarity  .     N - +0 mottled dragon armour
rNeg   . . .     SustAb   .     K - +3 buckler of the Butterfly {+Fly rPois MP-9 Dex+4}
rPois  +         Gourm    .     (helmet unavailable)
rElec  .         Spirit   .     (no cloak)
rCorr  .         Warding  .     i - +0 pair of gloves
rMut   .         Stasis   .     f - +2 pair of boots
MR     +....                    (no amulet)
Stlth  ++........               H - ring of see invisible
                                j - +3 ring of slaying

@: very slow, somewhat resistant to hostile enchantments, unstealthy
A: retaliatory headbutt, hooves 1, horns 3, repulsion field 1, iridescent scales
1, slimy green scales 1, blurry vision 1, deformed body, deterioration 1, shaggy
fur 1, spit poison 1, weak 1
a: Spit Poison, Bend Time, Temporal Distortion, Slouch, Step From Time, Renounce
Religion, Evoke Flight


You were on level 1 of the Depths.
You worshipped Cheibriados.
Cheibriados was exalted by your worship.
You were not hungry.

You visited 2 branches of the dungeon, and saw 16 of its levels.
You visited the Abyss 1 time.

You collected 1326 gold pieces.
You spent 228 gold pieces at shops.

Inventory:

Hand weapons
 q - a +4 mace of crushing (weapon)
Armour
 f - a +2 pair of boots (worn)
 i - a +0 pair of gloves (worn)
 K - the +3 buckler of the Butterfly (worn) {+Fly rPois MP-9 Dex+4}
   (You bought it in a shop on level 4 of the Dungeon)

   It affects your dexterity (+4).
   It protects you from poison.
   It affects your magic capacity (-9).
   It lets you fly.
 N - a +0 mottled dragon armour (worn)
Jewellery
 j - a +3 ring of slaying (left hand)
 m - an uncursed ring of magical power
 H - a ring of see invisible (right hand)
Magical devices
 a - a wand of digging (19)
 t - a wand of confusion (35)
 w - a wand of digging (14)
 y - a wand of teleportation (6)
 D - a wand of disintegration (12)
Scrolls
 c - 12 scrolls of remove curse
 h - 3 scrolls of enchant weapon
 k - a scroll of blinking
 l - a scroll of amnesia
 n - 2 scrolls of fog
 o - 4 scrolls of magic mapping
 p - 6 scrolls of teleportation
 r - a scroll of fear
 v - 5 scrolls of enchant armour
 x - 10 scrolls of identify
 z - 2 scrolls of immolation
Potions
 e - 2 potions of might
 g - 4 potions of restore abilities
 s - a potion of cancellation
 B - a potion of berserk rage {unknown}
 C - 2 potions of heal wounds
 E - a potion of invisibility
 F - 4 potions of curing
Books
 A - a book of Dreams

   Spells                             Type                      Level
   a - Ensorcelled Hibernation        Hexes/Ice                    2
   b - Flight                         Charms/Air                   3
   c - Phase Shift                    Translocation                5
   d - Shadow Creatures               Summoning                    5
   e - Mass Confusion                 Hexes                        6
   f - Darkness                       Hexes                        7
Comestibles
 b - 11 beef jerkies
 d - 9 bread rations
 u - 10 meat rations


   Skills:
 + Level 14.1 Fighting
 + Level 16.0 Maces & Flails
 + Level 14.1 Armour
 + Level 10.2 Dodging
 + Level 11.4 Shields


You had 13 spell levels left.
You didn't know any spells.

Dungeon Overview and Level Annotations

Branches:
Dungeon (15/15)            Temple (0/1) D:7            Lair (0/8) D:8
    Orc (0/4) D:12         Vaults (0/5) D:14         Depths (1/5) D:15

Altars:
Ashenzari
Cheibriados
Elyvilon
Fedhas
Kikubaaqudgha
Nemelex Xobeh
Okawaru
Sif Muna
Xom
Lugonu

Shops:
D:4 *   D:5 [*!   D:6 }   D:11 (=   Depths:1 :

Portals:
Abyss: Depths:1
Trove: D:13 (give 11 potions of heal wounds)


Innate Abilities, Weirdness & Mutations

You reflexively headbutt those who attack you in melee.
You have a pair of large horns on your head.
You have large cloven feet.
You are surrounded by a mild repulsion field (EV +2).
You are partially covered in iridescent scales (AC +4).
You are partially covered in slimy green scales (AC +2).
Scrolls take you a little longer to read.
Your body is slowly deteriorating.
You are covered in fur (AC +1).
You can spit poison.
You are weak. (Str -2)
[Armour fits poorly on your strangely shaped body.]


Message History

You barely miss the fire giant.
The fire giant is lightly wounded.
The fire giant gestures at you while chanting.
The fireball explodes!
The fireball engulfs you!
* * * LOW HITPOINT WARNING * * *
The fireball engulfs the fire giant.
The fire giant resists.
You hit the fire giant but do no damage.
The fire giant is moderately wounded.
The fire giant casts a spell at you. The bolt of fire misses you.
You hit the fire giant but do no damage.
You headbutt the fire giant!
The fire giant is moderately wounded.
You hit the fire giant!! You headbutt the fire giant!
The fire giant is severely wounded.
You hit the fire giant.
The fire giant is almost dead.
The fire giant points at you and mumbles some strange words.
The fireball explodes!
The fireball engulfs you!
You die...

..# ## ##...## #####...
## ##.. #.###........
##.###..# #..##.........
#..##...###.............
.....#..##..............
...#...#.......!.........
.....∩(..#...............
...#...####.....@........
.....#.# ##....C........
......## #..(.........
.....^.#####............
........................
.......................
.)....................
...........
.............. .
.....#.... ..# ..........
...


You could see a fire giant.

Vanquished Creatures
  A tentacled starspawn (Abyss:1)
  A rakshasa (Depths:1)
  A hydra (shapeshifter) (D:15)
  5 hydras
  A quicksilver dragon skeleton (Abyss:1)
  5 centaur warriors
  The ghost of Ngotmuk the Basher, an experienced DDFi of Ru (D:10)
  2 catoblepae (Depths:1)
  2 tengu warriors
  A vampire mage (Abyss:1)
  3 skeletal warriors (D:15)
  A wretched star (Abyss:1)
  A spatial maelstrom (Abyss:1)
  A fire crab (shapeshifter) (D:15)
  An unseen horror (D:12)
  A deep troll (D:14)
  A giant orange brain (Abyss:1)
  A necromancer (D:14)
  Pikel (D:8)
  4 hill giants
  A griffon (D:15)
  An orc knight (D:15)
  2 wizards
  20 ugly things
  An orc sorcerer (D:15)
  5 cyclopes
  2 manticores
  An octopode (shapeshifter) (D:15)
  A smoke demon (Abyss:1)
  3 kobold demonologists (D:15)
  A freezing wraith (D:14)
  A merfolk (D:10)
  2 tengu conjurers (D:13)
  5 trolls
  3 slime creatures (D:15)
  A two-headed ogre (D:12)
  7 ravens
  A basilisk (shapeshifter) (D:12)
  A snapping turtle (shapeshifter) (D:15)
  A wyvern (D:12)
  A vampire (D:14)
  3 deep elf magi
  5 wraiths
  22 yaks
  4 hippogriffs
  A hog (shapeshifter) (D:15)
  4 vampire mosquitoes (D:13)
  Edmund (D:5)
  4 hungry ghosts
  3 mottled dragons
  6 orc warriors
  3 boggarts (D:15)
  3 ice beasts
  A black bear (D:10)
  6 ogres
  7 sky beasts
  2 phantoms
  2 necrophages (D:7)
  9 centaurs
  Sigmund (D:2)
  Duvessa (D:9)
  An elf zombie (D:7)
  2 crocodiles
  5 giant frogs
  A wyvern zombie (D:9)
  7 scorpions
  13 killer bees
  14 wights
  An electric eel (D:13)
  A goliath beetle (D:9)
  Dowan (D:9)
  8 crimson imps
  6 centaur zombies
  A giant frog zombie (D:13)
  10 orc priests
  2 quasits
  2 starcursed masses
  3 human zombies (D:7)
  5 centaur skeletons
  3 iguanas
  3 hounds
  5 jellies
  A giant frog skeleton (D:7)
  9 orc wizards
  A human skeleton (D:7)
  7 worker ants
  10 sheep
  Ijyb (D:7)
  A worker ant zombie (D:7)
  7 gnolls
  13 adders
  2 giant mites
  2 ufetubi (D:15)
  3 worms
  An adder skeleton (D:8)
  An adder zombie (D:5)
  5 giant geckos
  34 orcs
  23 bats
  A bat skeleton (D:5)
  A giant cockroach (D:8)
  7 hobgoblins
  2 quokkas
  2 ball pythons
  A giant gecko skeleton (D:4)
  5 giant newts
  14 goblins
  7 jackals
  17 kobolds
  13 rats
  3 ballistomycetes (D:11)
  2 fungi (D:4)
  A starspawn tentacle (Abyss:1)
475 creatures vanquished.

Vanquished Creatures (others)
  3 slaves (D:8)
  An orc wizard (D:15)
  A hound skeleton (D:8)
  A giant spore (D:11)
  A starspawn tentacle (Abyss:1)
  19 starspawn tentacle segments (Abyss:1)
26 creatures vanquished.

Grand Total: 501 creatures vanquished

Notes
Turn   | Place    | Note
--------------------------------------------------------------
     0 | D:1      | Ngotmuk, the Minotaur Fighter, began the quest for the Orb.
     0 | D:1      | Reached XP level 1. HP: 19/19 MP: 1/1
   171 | D:1      | Reached XP level 2. HP: 25/27 MP: 1/1
   296 | D:1      | Reached skill level 4 in Armour
   475 | D:2      | Noticed Sigmund
   485 | D:2      | Killed Sigmund
   485 | D:2      | Reached XP level 3. HP: 9/33 MP: 2/2
   485 | D:2      | Reached XP level 4. HP: 10/40 MP: 2/2
   853 | D:2      | HP: 2/41 [gnoll/whip (4)]
   872 | D:2      | HP: 1/41 [kobold/enchanted dagger (3)]
   884 | D:2      | Gained mutation: Your mind is acute. (Int +2) [potion of mutation]
   884 | D:2      | Gained mutation: You are agile. (Dex +2) [potion of mutation]
   884 | D:2      | Gained mutation: You occasionally shout uncontrollably at your foes. [potion of mutation]
   888 | D:2      | Reached XP level 5. HP: 37/47 MP: 2/2
  1086 | D:3      | Reached skill level 5 in Maces & Flails
  1288 | D:3      | Reached skill level 5 in Armour
  1998 | D:4      | Found a snail-covered altar of Cheibriados.
  2007 | D:4      | Became a worshipper of Cheibriados the Contemplative
  2193 | D:4      | Gained mutation: You are partially covered in iridescent scales (AC +4). [potion of mutation]
  2193 | D:4      | Gained mutation: You are partially covered in slimy green scales (AC +2). [potion of mutation]
  2259 | D:4      | Reached skill level 5 in Fighting
  2259 | D:4      | Reached XP level 6. HP: 54/56 MP: 3/3
  2297 | D:4      | Acquired Cheibriados' first power
  2297 | D:4      | Reached skill level 6 in Maces & Flails
  2392 | D:4      | Noticed an ogre
  2398 | D:4      | Killed an ogre
  2464 | D:4      | Found Daam's Assorted Antiques.
  2599 | D:5      | Entered Level 5 of the Dungeon
  2634 | D:5      | Reached XP level 7. HP: 33/61 MP: 3/3
  2773 | D:5      | Reached skill level 7 in Maces & Flails
  2928 | D:5      | Found Smualueb's Armour Emporium.
  3170 | D:5      | Found Pruchiat's Distillery.
  3180 | D:5      | Found Qenitut's Assorted Antiques.
  3242 | D:5      | Noticed Edmund
  3251 | D:5      | Killed Edmund
  3381 | D:5      | Reached skill level 8 in Maces & Flails
  3385 | D:5      | Gained mutation: You are resistant to hostile enchantments. [mutagenic meat]
  3598 | D:5      | Found a deep blue altar of Sif Muna.
  3773 | D:6      | Reached XP level 8. HP: 57/71 MP: 3/3
  3814 | D:6      | Found a sparkling altar of Nemelex Xobeh.
  4065 | D:6      | Reached skill level 9 in Maces & Flails
  4067 | D:6      | Found Psenen's Gadget Shoppe.
  4137 | D:6      | Acquired Cheibriados' second power
  4761 | D:7      | Reached skill level 10 in Maces & Flails
  4984 | D:7      | Reached XP level 9. HP: 71/81 MP: 4/4
  4988 | D:7      | Gained mutation: You are weak. (Str -2) [mutagenic meat]
  5052 | D:7      | Acquired Cheibriados' third power
  5064 | D:7      | Noticed Ijyb
  5071 | D:7      | Killed Ijyb
  5137 | D:7      | Found a staircase to the Ecumenical Temple.
  5313 | D:7      | Reached skill level 11 in Maces & Flails
  5334 | D:7      | Found an ancient bone altar of Kikubaaqudgha.
  5883 | D:8      | Acquired Cheibriados' fourth power
  6084 | D:8      | Noticed Pikel
  6118 | D:8      | Killed Pikel
  6118 | D:8      | Reached skill level 12 in Maces & Flails
  6161 | D:8      | Found a staircase to the Lair.
  6203 | D:8      | Reached XP level 10. HP: 43/91 MP: 4/4
  6427 | D:8      | Found an iron altar of Okawaru.
  6427 | D:8      | Found a shattered altar of Ashenzari.
  6982 | D:9      | Noticed Duvessa
  6982 | D:9      | Noticed Dowan
  6988 | D:9      | Killed Duvessa
  6993 | D:9      | Killed Dowan
  7265 | D:9      | Found a blossoming altar of Fedhas.
  7350 | D:10     | Entered Level 10 of the Dungeon
  7546 | D:4      | Bought a bloodstained buckler for 228 gold pieces
  7551 | D:4      | Identified the +3 buckler of the Butterfly {+Fly rPois MP-9 Dex+4} (You bought it in a shop on level 4 of the Dungeon)
  7738 | D:10     | Noticed Ngotmuk's ghost (experienced DDFi)
  7778 | D:10     | Killed Ngotmuk's ghost
  7778 | D:10     | Reached skill level 10 in Armour
  8026 | D:10     | Reached skill level 10 in Fighting
  8350 | D:10     | Reached skill level 13 in Maces & Flails
  8617 | D:10     | Reached skill level 5 in Shields
  8891 | D:11     | Noticed a hill giant
  8899 | D:11     | Killed a hill giant
  8899 | D:11     | Reached XP level 11. HP: 74/101 MP: 0/4
  8931 | D:11     | Found a shimmering altar of Xom.
  8964 | D:11     | Found Chiuxtok's Jewellery Emporium.
  9040 | D:11     | Found Ituydem's Antique Weapon Shop.
  9238 | D:11     | Noticed a six-headed hydra
  9244 | D:11     | Killed a six-headed hydra
  9340 | D:11     | Lost mutation: You are agile. (Dex +2) [mutagenic meat]
  9744 | D:11     | Gained mutation: You can spit poison. [mutagenic meat]
  9745 | D:11     | Gained mutation: You are surrounded by a mild repulsion field (EV +2). [mutagenic meat]
  9746 | D:11     | Gained mutation: Your body is slowly deteriorating. [mutagenic meat]
  9747 | D:11     | Gained mutation: You passively map a small area around you. [mutagenic meat]
  9882 | D:12     | Found a runed door.
  9882 | D:12     | Noticed a centaur warrior
  9893 | D:12     | Killed a centaur warrior
  9893 | D:12     | Reached skill level 5 in Dodging
  9932 | D:12     | Lost mutation: You are resistant to hostile enchantments. [mutagenic meat]
  9949 | D:12     | Noticed a hill giant
  9964 | D:12     | Killed a hill giant
 10014 | D:12     | Found a staircase to the Orcish Mines.
 10180 | D:12     | Noticed an unseen horror
 10183 | D:12     | Killed an unseen horror
 10183 | D:12     | Reached skill level 14 in Maces & Flails
 10226 | D:12     | Noticed a seven-headed hydra
 10231 | D:12     | Reached XP level 12. HP: 83/111 MP: 0/5
 10236 | D:12     | Killed a seven-headed hydra
 10330 | D:13     | Noticed an eight-headed hydra
 10371 | D:13     | Killed an eight-headed hydra
 10548 | D:13     | Found a portal to a secret trove of treasure.
 10707 | D:13     | Noticed a centaur warrior
 10726 | D:13     | Killed a centaur warrior
 10962 | D:14     | Noticed a centaur warrior
 10969 | D:14     | Killed a centaur warrior
 11279 | D:14     | Reached XP level 13. HP: 93/119 MP: 0/5
 11282 | D:14     | Noticed a five-headed hydra
 11283 | D:14     | Noticed a centaur warrior
 11283 | D:14     | Killed a centaur warrior
 11315 | D:14     | HP: 6/122 [poisoned by a green ugly thing]
 11664 | D:14     | Reached skill level 15 in Maces & Flails
 11679 | D:14     | Found a gate to the Vaults.
 11846 | D:14     | Killed a five-headed hydra
 12120 | D:14     | Reached skill level 10 in Shields
 12364 | D:15     | Entered Level 15 of the Dungeon
 12397 | D:15     | Paralysed by an orc sorcerer for 7 turns
 12518 | D:15     | Found a white marble altar of Elyvilon.
 12584 | D:15     | Lost mutation: Your mind is acute. (Int +2) [mutagenic meat]
 12585 | D:15     | Gained mutation: You have large cloven feet. [mutagenic meat]
 12586 | D:15     | Lost mutation: You passively map a small area around you. [mutagenic meat]
 12588 | D:15     | Gained mutation: You expend magic power (3 MP) to slightly strengthen your wands. [mutagenic meat]
 12785 | D:15     | Gained mutation: You are covered in fur (AC +1). [mutagenic meat]
 12787 | D:15     | Lost mutation: You expend magic power (3 MP) to slightly strengthen your wands. [mutagenic meat]
 12788 | D:15     | Gained mutation: You are covered in thick fur (AC +2). [mutagenic meat]
 13265 | D:15     | Found a staircase to the Depths.
 13307 | D:15     | Gained mutation: You have a pair of large horns on your head. [mutagenic meat]
 13309 | D:15     | Lost mutation: You are covered in thick fur (AC +2). [mutagenic meat]
 13311 | D:15     | Gained mutation: You are frail (-10% HP). [mutagenic meat]
 13313 | D:15     | Gained mutation: [Armour fits poorly on your strangely shaped body.] [mutagenic meat]
 13314 | D:15     | Gained mutation: Scrolls take you a little longer to read. [mutagenic meat]
 13421 | D:15     | Lost mutation: [Armour fits poorly on your strangely shaped body.] [mutagenic meat]
 13761 | D:15     | Reached XP level 14. HP: 115/117 MP: 0/5
 13927 | Depths:1 | Entered Level 1 of the Depths
 13999 | Depths:1 | Lost mutation: You occasionally shout uncontrollably at your foes. [potion of mutation]
 13999 | Depths:1 | Lost mutation: You are frail (-10% HP). [potion of mutation]
 14164 | Depths:1 | Found a corrupted altar of Lugonu.
 14164 | Depths:1 | Found a one-way gate to the infinite horrors of the Abyss.
 14232 | Depths:1 | Found Guacoi's One-of-a-Kind Books.
 14236 | Depths:1 | Cast into the Abyss (a wizard)
 14253 | Abyss:1  | Found an ancient bone altar of Kikubaaqudgha.
 14306 | Abyss:1  | Noticed a tentacled starspawn
 14310 | Abyss:1  | Killed a tentacled starspawn
 14326 | Abyss:1  | Reached skill level 10 in Dodging
 14335 | Abyss:1  | Reached skill level 16 in Maces & Flails
 14399 | Depths:1 | Escaped the Abyss
 14422 | Depths:1 | Noticed a fire giant
 14433 | Depths:1 | Killed from afar by a fire giant

Action                   |  1- 3 |  4- 6 |  7- 9 | 10-12 | 13-15 || total
-------------------------+-------+-------+-------+-------+-------++-------
Melee: Flail             |    30 |   148 |   224 |       |       ||   402
       Whip              |       |       |    11 |   146 |       ||   157
       Mace              |       |       |       |   335 |   324 ||   659
Evoke: Wand              |       |       |     1 |       |       ||     1
  Use: Potion            |       |     3 |       |    10 |     3 ||    16
       Scroll            |       |       |       |    16 |     2 ||    18
 Stab: Distracted        |       |       |       |     1 |       ||     1
  Eat: Fruit             |       |     1 |       |     5 |       ||     6
       Bread ration      |       |     1 |       |     2 |       ||     3
       Chunk             |       |       |     4 |     7 |    24 ||    35
       Meat ration       |       |       |     2 |       |     2 ||     4
